 Dungeon Crawl Stone Soup version 0.13-a0-3008-g2a6619c (webtiles) character file.

413 PolkaDot the Jinx (level 5, -4/35 HPs)
             Began as a Vampire Enchanter on Sept 9, 2013.
             Slain by a gnoll
             ... wielding a +0,+0 halberd
              (14 damage)
             ... on Level 4 of the Dungeon.
             The game lasted 00:11:09 (2799 turns).

PolkaDot the Jinx (Vampire Enchanter)               Turns: 2799, Time: 00:11:09

HP  -4/35        AC  5     Str 12      XL: 5   Next: 79%
MP   9/9         EV 12     Int 18      God:
Gold 173         SH  0     Dex 14      Spells:  2 memorised,  2 levels left

Res.Fire  : . . .   See Invis. : +   e - +1 dwarf short sword (drain)
Res.Cold  : . . .   Warding    : .   b - +1 robe
Life Prot.: . . .   Conserve   : .   (no shield)
Res.Poison: .       Res.Corr.  : .   (no helmet)
Res.Elec. : .       Clarity    : .   h - +0 cloak
Sust.Abil.: . .     Spirit.Shd : .   o - +0 pair of gloves
Res.Mut.  : .       Stasis     : .   (no boots)
Res.Rott. : .       Flight     : .   (no amulet)
Saprovore : . . .                    (no ring)
                                     (no ring)

@: regenerating quickly, mighty, slightly resistant to hostile enchantments,
quite stealthy
A: fangs 3, see invisible, unbreathing
a: no special abilities


You were on level 4 of the Dungeon.
You were very full.

You visited 1 branch of the dungeon, and saw 4 of its levels.

You collected 153 gold pieces.

Inventory:

Hand weapons
 e - a +1,+1 dwarven short sword of draining (weapon)
Missiles
 d - 12 darts (quivered)
Armour
 b - a +1 robe (worn)
 h - a +0 cloak (worn)
 o - a +0 pair of gloves (worn)
Scrolls
 f - 2 scrolls of teleportation
 g - a scroll of fog
 j - 2 scrolls of identify
 k - 2 scrolls of magic mapping
 l - a scroll of enchant armour {unknown}
 m - a scroll of recharging {unknown}
 n - 2 scrolls of noise {unknown}
 q - a scroll of enchant weapon II {unknown}
Jewellery
 p - an uncursed amulet of clarity
Potions
 r - a potion of magic
Books
 c - a book of Maledictions

   Spells                             Type                      Level
   *Corona                            Hexes                        1
   Sure Blade                         Hexes/Charms                 2
   Ensorcelled Hibernation            Hexes/Ice                    2
   *Confuse                           Hexes                        3
   Enslavement                        Hexes                        4
   Invisibility                       Hexes                        6


   Skills:
 - Level 2.5 Short Blades
 - Level 0.7 Throwing
 - Level 2.1 Dodging
 + Level 5.1 Stealth
 - Level 1.0 Spellcasting
 * Level 8.0 Hexes


You had 2 spell levels left.
You knew the following spells:

 Your Spells              Type           Power        Failure   Level  Hunger
a - Corona                Hex            ####...      1%          1    ##.....
c - Confuse               Hex            ####....     2%          3    ####...


Dungeon Overview and Level Annotations

Branches:
Dungeon (4/27)
 Temple: D:4-7

Altars:
Okawaru
Yredelemnul


Innate Abilities, Weirdness & Mutations

Your natural rate of healing is unusually fast.
You have razor-sharp teeth.*
You have supernaturally acute eyesight.
You can survive without breathing.*


Message History

You hit the gnoll. You drain the gnoll! The gnoll hits you with a flail!
* * * LOW HITPOINT WARNING * * *
The gnoll picks up a spear.
The gnoll unwields an uncursed whip.
The gnoll drops an uncursed whip.
The gnoll picks up an orcish mace.
The gnoll wields an orcish mace.
The gnoll drops a spear.
The gnoll picks up an uncursed orcish dagger.
The quokka twitches its whiskers.
Drink which item? (? for menu, Esc to quit)
Okay, then.
Casting: Confuse
Confirm with . or Enter, or press ? or * to list all spells.
Okay, then.
Drink which item? (? for menu, Esc to quit)
You feel very mighty all of a sudden.
You barely miss the gnoll. The gnoll hits you with a halberd.
* * * LOW HITPOINT WARNING * * *
You are too injured to fight recklessly!
The gnoll hits you from afar with a halberd!
You die...

....................##
#.#..g............)#.##
........#.............#
.......##.............#
..#....#...g.......#.##
.###...#..........####
..........#..rg.###
.....#.#.###...##.##
...####### ##.gg@..#
#.## ##.##.## .##
####.## ## #...# #
##.## ###


You could see 3 gnolls and a quokka.

Vanquished Creatures
  A hound (D:4)
  A worker ant (D:3)
  2 orc wizards (D:4)
  4 gnolls (D:3)
  A giant mite (D:2)
  2 adders
  A worm (D:3)
  2 giant geckos
  7 orcs
  10 bats
  9 goblins
  8 hobgoblins
  9 jackals
  6 kobolds
  An ooze (D:3)
  A quokka (D:2)
  A ball python (D:1)
  3 giant cockroaches (D:3)
  3 giant newts
  A goblin skeleton (D:4)
  12 rats
85 creatures vanquished.

Notes
Turn   | Place    | Note
--------------------------------------------------------------
     0 | D:1      | PolkaDot, the Vampire Enchanter, began the quest for the Orb.
     0 | D:1      | Reached XP level 1. HP: 13/13 MP: 4/4
   187 | D:1      | Reached XP level 2. HP: 19/19 MP: 5/5
   512 | D:1      | Reached skill level 5 in Hexes
   691 | D:1      | Reached XP level 3. HP: 24/24 MP: 6/6
   700 | D:1      | Learned a level 3 spell: Confuse
  1518 | D:3      | Reached skill level 6 in Hexes
  1518 | D:3      | Reached XP level 4. HP: 10/30 MP: 1/8
  1565 | D:3      | Found an iron altar of Okawaru.
  2001 | D:3      | Reached skill level 7 in Hexes
  2022 | D:3      | Found a basalt altar of Yredelemnul.
  2080 | D:3      | Reached XP level 5. HP: 35/35 MP: 9/9
  2636 | D:4      | Reached skill level 5 in Stealth
  2657 | D:4      | Reached skill level 8 in Hexes
  2799 | D:4      | Slain by a gnoll

Action                   |  1- 3 |  4- 6 || total
-------------------------+-------+-------++-------
Melee: Dagger            |   173 |    26 ||   199
       Short sword       |       |   140 ||   140
 Cast: Confuse           |     2 |     7 ||     9
  Use: Potion            |     1 |     4 ||     5
       Scroll            |       |     5 ||     5
 Stab: Sleeping          |     6 |     5 ||    11
       Confused          |       |     3 ||     3
       Distracted        |       |     2 ||     2
